 Dungeon Crawl Stone Soup version 0.18.1-48-g4cf74bf (webtiles) character file.

2502 nikopol the Cleaver (level 9, 0/81 HPs)
             Began as a Minotaur Berserker on Aug 31, 2016.
             Was a High Priest of Trog.
             Succumbed to a worker ant's poison
             ... on level 6 of the Dungeon on Sept 3, 2016.
             The game lasted 00:18:42 (5737 turns).

nikopol the Cleaver (Minotaur Berserker)            Turns: 5737, Time: 00:18:43

Health: 0/81       AC: 13    Str: 22    XL:     9   Next: 28%
Magic:  8/8        EV: 11    Int:  4    God:    Trog [*****.]
Gold:   448        SH:  0    Dex: 13    Spells: 0 memorised, 8 levels left

rFire  + . .     SeeInvis .     a - +1 hand axe
rCold  . . .     Gourm    .     q - +1 chain mail {rF+}
rNeg   . . .     Faith    .     (no shield)
rPois  .         Spirit   .     r - +2 hat
rElec  .         Dismiss  .     (no cloak)
rCorr  .         Reflect  .     (no gloves)
SustAt .         Harm     .     (no boots)
MR     .....                    (no amulet)
Stlth  ..........               (no ring)
                                (no ring)

@: lethally poisoned (0 -> -8), exhausted, slowed, very slow, not resistant to
hostile enchantments, extremely unstealthy
A: retaliatory headbutt, horns 2
a: Berserk, Trog's Hand, Brothers in Arms, Burn Spellbooks, Renounce Religion


You were on level 6 of the Dungeon.
You worshipped Trog.
Trog was extremely pleased with you.
You were very hungry.

You visited 1 branch of the dungeon, and saw 6 of its levels.
You also visited: Sewer.

You collected 448 gold pieces.

Inventory:

Hand Weapons
 a - a +1 hand axe (weapon)
Missiles
 j - 87 arrows (quivered)
Armour
 b - a +0 animal skin
 m - a +0 chain mail
 p - a +0 scale mail of poison resistance
 q - a +1 chain mail of fire resistance (worn)
 r - a +2 hat (worn)
 s - a +0 ring mail of poison resistance
Wands
 y - a wand of acid (3/15)
Scrolls
 d - 6 scrolls of identify
 f - 2 scrolls of recharging
 h - 7 scrolls of teleportation
 n - a scroll of immolation {unknown}
 o - 3 scrolls of remove curse {unknown}
 B - a scroll of enchant armour {unknown}
Potions
 e - a potion of cancellation {unknown}
 i - a potion of agility {unknown}
 k - 3 potions of curing
 l - a potion of magic {unknown}
 t - 2 potions of might {unknown}
 u - a potion of heal wounds {unknown}
 v - 2 potions of flight {unknown}
 x - 2 potions of invisibility {unknown}
 z - a potion of brilliance {unknown}
Comestibles
 c - 2 bread rations
 g - 5 fruits
 w - 2 meat rations
 A - 2 chunks of flesh


   Skills:
 + Level 7.9 Fighting
 * Level 8.9 Axes
 + Level 7.7 Armour
 + Level 7.2 Dodging


You had 8 spell levels left.
You didn't know any spells.

Dungeon Overview and Level Annotations

Branches:
Dungeon (6/15)             Temple (0/1) D:5

Altars:
Cheibriados
Dithmenos
Elyvilon
Makhleb
Okawaru
Qazlal
Sif Muna
Yredelemnul

Annotations:
D:6 1 runed door


Innate Abilities, Weirdness & Mutations

You reflexively headbutt those who attack you in melee.
You have a pair of horns on your head.


Message History

* * * LOW HITPOINT WARNING * * *
You feel sick. The scorpion barely misses you. You furiously retaliate!
You headbutt the scorpion, but do no damage.
You slash the scorpion!
You kill the scorpion!
Trog accepts your kill.
* * * LOW HITPOINT WARNING * * *
You feel sick. The worker ant bites you.
* * * LOW HITPOINT WARNING * * *
You are more poisoned.
The worker ant poisons you!
You slash the worker ant!
You kill the worker ant!
Trog accepts your kill.
* * * LOW HITPOINT WARNING * * *
You feel sick.
* * * LOW HITPOINT WARNING * * *
You feel sick.
There is an open door, spattered with blood here.
You die...

########+########
#...............#
#....(..........#
#....#######....#
#....#....†#.)..#
#...%+..?.@'....#
#....#....†#..).#
#....#######....#
#...............#
#...............#
#########'########
......(...##)##.##
#.........#....##
#.###.####))....#


There were no monsters in sight!

Vanquished Creatures
  Pikel (D:4)
  Edmund (D:6)
  Duvessa (D:6)
  Purgy (D:4)
  An orc warrior (D:6)
  4 slaves (D:4)
  3 ogres (D:4)
  A big kobold (D:6)
  A giant frog (Sewer)
  Dowan (D:6)
  A scorpion (D:6)
  2 killer bees (D:6)
  2 crimson imps
  4 hounds
  3 orc priests
  A jelly (D:5)
  4 orc wizards
  A centaur skeleton (D:4)
  2 giant frog skeletons (D:5)
  An iguana (D:5)
  Terence (D:2)
  10 worker ants
  A mummy (D:4)
  A worker ant zombie (D:5)
  6 adders
  3 gnolls (D:4)
  A shadow imp (D:4)
  3 oozes
  An adder skeleton (D:4)
  5 worms
  4 dart slugs
  7 giant geckos
  27 orcs
  13 giant cockroaches
  11 goblins
  9 hobgoblins
  2 jackals (D:5)
  13 kobolds
  3 quokkas
  5 ball pythons
  10 bats
  A giant gecko skeleton (D:4)
  8 giant newts
  A jackal skeleton (D:5)
  7 rats
189 creatures vanquished.

Notes
Turn   | Place    | Note
--------------------------------------------------------------
     0 | D:1      | nikopol the Minotaur Berserker began the quest for the Orb.
     0 | D:1      | Reached XP level 1. HP: 19/19 MP: 0/0
   234 | D:1      | Reached XP level 2. HP: 16/27 MP: 1/1
   397 | D:1      | Found an iron altar of Okawaru.
   556 | D:1      | Reached skill level 4 in Axes
   780 | D:1      | Reached XP level 3. HP: 26/33 MP: 2/2
  1015 | D:2      | Reached ** piety under Trog
  1264 | D:2      | Reached XP level 4. HP: 36/40 MP: 3/3
  1431 | D:2      | Noticed Terence
  1437 | D:2      | Killed Terence
  1517 | D:2      | Reached XP level 5. HP: 46/47 MP: 4/4
  1606 | D:2      | Found a snail-covered altar of Cheibriados.
  1608 | D:2      | Reached *** piety under Trog
  1611 | D:2      | Found a shadowy altar of Dithmenos.
  1623 | D:2      | Found a stormy altar of Qazlal.
  1933 | D:3      | Found a burning altar of Makhleb.
  1944 | D:3      | Found a deep blue altar of Sif Muna.
  1954 | D:3      | Found a white marble altar of Elyvilon.
  1971 | D:3      | Reached skill level 5 in Axes
  2121 | D:3      | Reached XP level 6. HP: 53/55 MP: 5/5
  2128 | D:3      | Reached **** piety under Trog
  2131 | D:3      | Reached skill level 5 in Fighting
  2953 | D:4      | Noticed a slave
  2954 | D:4      | Noticed a slave
  2955 | D:4      | Noticed a slave
  2955 | D:4      | Noticed a slave
  2956 | D:4      | Noticed Pikel
  2965 | D:4      | Killed a slave
  2970 | D:4      | Killed a slave
  2971 | D:4      | Killed a slave
  2972 | D:4      | Killed a slave
  2975 | D:4      | Killed Pikel
  2975 | D:4      | Reached skill level 6 in Axes
  2975 | D:4      | Reached skill level 5 in Armour
  2975 | D:4      | Reached skill level 5 in Dodging
  2975 | D:4      | Reached XP level 7. HP: 20/63 MP: 6/6
  3493 | D:4      | Found a basalt altar of Yredelemnul.
  3643 | D:4      | Noticed Purgy
  3646 | D:4      | Reached XP level 8. HP: 70/71 MP: 7/7
  3653 | D:4      | Killed Purgy
  3727 | D:4      | Reached skill level 7 in Axes
  4268 | D:5      | Entered Level 5 of the Dungeon
  4379 | D:5      | Found a glowing drain.
  4392 | Sewer    | Entered a sewer
  4947 | D:5      | Reached ***** piety under Trog
  5096 | D:5      | Found a staircase to the Ecumenical Temple.
  5425 | D:6      | Noticed Dowan
  5427 | D:6      | Noticed Duvessa
  5432 | D:6      | Killed Dowan
  5440 | D:6      | Killed Duvessa
  5440 | D:6      | Reached skill level 8 in Axes
  5644 | D:6      | Reached XP level 9. HP: 79/79 MP: 8/8
  5672 | D:6      | Found a runed door.
  5673 | D:6      | Noticed Edmund
  5682 | D:6      | Found a runed door.
  5705 | D:6      | Killed Edmund
  5735 | D:6      | HP: 4/81 [poisoned by a worker ant]
  5737 | D:6      | Succumbed to a worker ant's poison

Skill      XL: |  1  2  3  4  5  6  7  8  9 |
---------------+----------------------------+-----
Axes           | 4 5 6 8 |  8.9
Armour         | 3 4 5 7 |  7.7
Fighting       | 4 6 7 |  7.9
Dodging        | 3 4 5 6 7 |  7.2

Action                   |  1- 3 |  4- 6 |  7- 9 || total
-------------------------+-------+-------+-------++-------
Melee: Hand axe          |    89 |   179 |   244 ||   512
       Headbutt          |    21 |    33 |    58 ||   112
Invok: Berserk           |       |     2 |     2 ||     4
       Burn Spellbooks   |       |     1 |     1 ||     2
  Use: Scroll            |       |       |     7 ||     7
       Potion            |       |       |     1 ||     1
  Eat: Chunk             |     1 |     6 |    12 ||    19
Armor: Animal skin       |     8 |       |       ||     8
       Chain mail        |    17 |    64 |   150 ||   231
       Scale mail        |       |    40 |       ||    40
Dodge: Dodged            |    60 |    82 |   169 ||   311
